 Dungeon Sprint DCSS version 0.28-a0-1412-gf95308ed99 (webtiles) character file.

Game seed: 3567814246385542356

10827 jt the Warrior (level 11, -6/76 (83) HPs)
             Began as a Gargoyle Fighter on Jan 6, 2022.
             Was a Follower of Uskayaw.
             Mangled by a 12-headed hydra (11 damage)
             ... in the Dungeon (Sprint I: "Red Sonja").
             The game lasted 00:12:26 (2499 turns).

jt the Warrior (Gargoyle Fighter)                   Turns: 2499, Time: 00:12:27

HP:   -6/76 (83)    AC: 33    Str: 23    XL:     11   Next: 68%
MP:   19/20         EV:  7    Int: 10    God:    Uskayaw [*.....]
Gold: 1242          SH:  6    Dex: 11    Spells: 10/10 levels left

rFire   . . .      SeeInvis +   y - +1 morningstar (drain)
rCold   + . .      Faith    .   c - +0 buckler
rNeg    + . .      Spirit   .   k - +11 plate armour of Undesirable Species {rC+}
rPois   ∞          Reflect  .   (no helmet)
rElec   +          Harm     .   p - scarf {+Inv}
rCorr   .          Rampage  .   (no gloves)
Will    .....      NoTele   +   (no boots)
Stlth   ..........              (no amulet)
HPRegen 1.02/turn               w - ring of see invisible
MPRegen 0.17/turn               (no ring)

@: very slightly contaminated, drained, invisible
A: sickness immunity, AC +8, negative energy resistance 1, electricity
resistance, torment resistance 1, petrification resistance, agile 1,
regeneration 1
a: Renounce Religion, Evoke Invisibility, Stomp


You were in the Dungeon.
You worshipped Uskayaw.
Uskayaw was pleased with you.
You visited 1 branch You collected 3048 gold pieces.
You spent 1806 gold pieces at shops.

Inventory:

Hand Weapons
 a - a +3 war axe of electrocution
 d - a +0 vorpal hunting sling
 f - a +0 spear of distortion
 g - a +0 trident
 l - a +0 scythe
 n - a +0 short sword of distortion
 r - a +0 shortbow
 y - a +1 morningstar of draining (weapon)
Missiles
 i - 54 arrows
 m - 27 stones (quivered)
 o - 3 curare-tipped darts
 q - a throwing net
Armour
 b - a +0 scale mail
 c - a +0 buckler (worn)
 k - the +11 plate armour of Undesirable Species (worn) {rC+}
   (You bought it in a shop in the Dungeon)

   rC:        It protects you from cold.
 p - a scarf of invisibility (worn)
Jewellery
 w - a ring of see invisible (left hand)
Scrolls
 j - 2 scrolls of blinking
 u - a scroll of vulnerability
 v - a scroll of brand weapon
Potions
 e - 6 potions of curing
 h - 2 potions of magic
 t - a potion of attraction


   Skills:
 + Level 16.2 Fighting
 + Level 13.6 Axes
 - Level 4.4 Throwing
 - Level 10.8 Armour
 - Level 10.8 Shields
 + Level 12.3 Invocations
 - Level 8.7 Evocations


You had 10 spell levels left.
You didn't know any spells.
Your spell library contained the following spells:

 Spells                   Type           Power      Damage    Failure   Level
 Sting                    Tmut/Pois      0%         1d3       99%         1
 Poisonous Vapours        Pois/Air       0%         N/A       100%        2
 Olgreb's Toxic Radiance  Pois           0%         N/A       100%        4


Dungeon Overview and Level Annotations

Branches:
Dungeon (1/1)

Altars:
Cheibriados
Dithmenos
Elyvilon
Fedhas
Gozag
Hepliaklqana
Kikubaaqudgha
Makhleb
Nemelex Xobeh
Okawaru
Qazlal
Ru
Sif Muna
Trog
Uskayaw
Vehumet
Wu Jian
Xom
Yredelemnul
Zin
The Shining One
Jiyva
Lugonu

Shops:
D [:*(*?[(=:[?[(*[?


Innate Abilities, Weirdness & Mutations

You are immune to sickness and miasma.
Your stone body is resilient. (AC +8)
You are immune to poison.
You resist negative energy. (rN+)
You are resistant to electric shocks. (rElec)
You are resistant to unholy torment.
You are immune to petrification.
You are agile. (Dex +2)
Your natural rate of healing is unusually fast.


Message History

The 12-headed hydra completely misses you.
The 12-headed hydra barely misses you.
You aren't carrying any items that you can evoke.
The floating eye gazes piercingly through you!
You suddenly lose the ability to move!
The floating eye seems to glare at you.
The 12-headed hydra bites you but does no damage. x4
The 12-headed hydra bites you.
The 12-headed hydra bites you but does no damage.
The 12-headed hydra bites you.
The 12-headed hydra completely misses you.
The 12-headed hydra bites you but does no damage.
The 12-headed hydra bites you. The 12-headed hydra barely misses you.
The 12-headed hydra bites you.
You can move again.
Okay, then.
You aren't carrying any items that you can evoke.
As you read the scroll labelled ARRU DAYGILONO, it crumbles to dust.
You feel aware of your surroundings.
You sensed 5 shops/portals.
It was a scroll of magic mapping.
The floating eye gazes piercingly through you!
You shrug off the repeated paralysis!
The 12-headed hydra bites you but does no damage.
The 12-headed hydra barely misses you. The 12-headed hydra bites you!
The 12-headed hydra bites you but does no damage.
The 12-headed hydra bites you!
* * * LOW HITPOINT WARNING * * *
The 12-headed hydra bites you but does no damage. x2
The 12-headed hydra bites you!
* * * LOW HITPOINT WARNING * * *
The 12-headed hydra barely misses you.
The 12-headed hydra bites you but does no damage.
The 12-headed hydra bites you!
* * * LOW HITPOINT WARNING * * *
The 12-headed hydra bites you but does no damage.
It was a potion of invisibility.
You fade further into invisibility.
The floating eye's stare focuses on you.
The 12-headed hydra bites you!
You die...

#######################**********
))..#..#...§'§§§§§§'.$#,,+,,,,*,,
#...##'#§####§.§GD##$§+,,*,,,,**,
#...'.)#.#.###§§@##*###*+*,,,,,**
#####..§.#'#.###+#)([##,,*,,,,,*,
#.§##'####...#y#§##$$$#,,**,,,,*,
§§§#...○.#...###§§###$#,,≈***+**,
#..#...○○'.....##.#A#$#,,≈,,*,***
##§###○..#.....#..###$#,,≈,**+*,,
##.'.#○○.###++##.##..$#,,≈**,,,,,
.###.#○°###..###..#+###,,≈*,,,,,,
.∩##.#.°####..###...#,≈,,**,,,,,,


You could see a 12-headed hydra and a floating eye (charged).

Vanquished Creatures
  A lorocyproca (D)
  2 centaur warriors (D)
  Sonja (D)
  A deep troll (D)
  A lindwurm (D)
  An oklob plant (D)
  A gargoyle (D)
  4 demonic crawlers (D)
  2 kobold demonologists (D)
  5 unseen horrors (D)
  A hornet (D)
  A slime creature (D)
  Sigmund (D)
  A yak (D)
  13 hogs (D)
  2 redbacks (D)
  2 floating eyes (D)
  An ogre (D)
  7 necrophages (D)
  8 jellies (D)
  Ijyb (D)
57 creatures vanquished.

Vanquished Creatures (others)
  2 ballistomycete spores (D)
2 creatures vanquished.

Grand Total: 59 creatures vanquished

Notes
Turn   | Place    | Note
-------+----------+-------------------------------------------
     0 | D        | jt the Gargoyle Fighter began the quest for the Orb.
     0 | D        | Reached XP level 1. HP: 14/14 MP: 1/1
     2 | D        | Noticed Ijyb
    13 | D        | Killed Ijyb
    14 | D        | Reached skill level 4 in Fighting
    14 | D        | Reached XP level 2. HP: 20/20 MP: 2/2
    14 | D        | Reached XP level 3. HP: 25/25 MP: 3/3
    58 | D        | Noticed an ogre
    62 | D        | Killed an ogre
    63 | D        | Reached skill level 6 in Fighting
    63 | D        | Reached skill level 5 in Axes
    63 | D        | Reached XP level 4. HP: 32/32 MP: 4/4
    76 | D        | Noticed Sigmund
    82 | D        | Killed Sigmund
    83 | D        | Reached skill level 7 in Fighting
    83 | D        | Reached skill level 5 in Armour
    83 | D        | Reached skill level 5 in Shields
    83 | D        | Reached skill level 5 in Evocations
    83 | D        | Reached XP level 5. HP: 37/39 MP: 5/5
    83 | D        | Reached XP level 6. HP: 41/44 MP: 6/6
    98 | D        | Found a shimmering blue altar of Sif Muna.
    99 | D        | Found an ornate altar of the Wu Jian Council.
   100 | D        | Found a radiant altar of Vehumet.
   105 | D        | Reached skill level 8 in Fighting
   241 | D        | Found Lyzaro Hiy's Book Emporium.
   241 | D        | Found an ancient bone altar of Kikubaaqudgha.
   241 | D        | Found a hazy altar of Hepliaklqana.
   241 | D        | Found a hide-covered altar of Uskayaw.
   241 | D        | Found a basalt altar of Yredelemnul.
   241 | D        | Found an opulent altar of Gozag.
   241 | D        | Found a snail-covered altar of Cheibriados.
   241 | D        | Found a sacrificial altar of Ru.
   241 | D        | Found a shadowy altar of Dithmenos.
   241 | D        | Noticed a yak
   246 | D        | Killed a yak
   247 | D        | Reached XP level 7. HP: 34/50 MP: 7/7
   247 | D        | Found a stormy altar of Qazlal.
   247 | D        | Found a blossoming altar of Fedhas.
   247 | D        | Found a bloodstained altar of Trog.
   247 | D        | Found an iron altar of Okawaru.
   247 | D        | Found a glowing golden altar of the Shining One.
   247 | D        | Found a glowing silver altar of Zin.
   247 | D        | Found a white marble altar of Elyvilon.
   248 | D        | Found a sparkling altar of Nemelex Xobeh.
   347 | D        | Became a worshipper of Uskayaw the Reveller
   357 | D        | Found a viscous altar of Jiyva.
   357 | D        | Found a corrupted altar of Lugonu.
   357 | D        | Noticed a slime creature
   358 | D        | Found a burning altar of Makhleb.
   358 | D        | Found a shimmering altar of Xom.
   360 | D        | Reached * piety under Uskayaw
   362 | D        | Reached ** piety under Uskayaw
   367 | D        | Reached *** piety under Uskayaw
   369 | D        | Killed a slime creature
   370 | D        | Reached skill level 9 in Fighting
   477 | D        | Noticed a kobold demonologist
   477 | D        | Noticed a kobold demonologist
   485 | D        | Noticed a soul eater
   487 | D        | Killed a kobold demonologist
   488 | D        | Reached XP level 8. HP: 56/57 MP: 8/8
   488 | D        | Noticed a soul eater
   489 | D        | Killed a kobold demonologist
   490 | D        | Reached skill level 10 in Fighting
   504 | D        | Noticed Sonja
   506 | D        | Killed Sonja
   507 | D        | Reached skill level 11 in Fighting
   507 | D        | Reached XP level 9. HP: 64/64 MP: 9/9
   529 | D        | Found Qaunusmi's Antique Armour Boutique.
   594 | D        | Noticed a deep troll
   606 | D        | Killed a deep troll
   620 | D        | Found Evuixt's Armour Emporium.
   843 | D        | Noticed a centaur warrior
   843 | D        | Noticed a centaur warrior
   866 | D        | Killed a centaur warrior
   867 | D        | Reached skill level 10 in Armour
   867 | D        | Reached skill level 10 in Shields
  1020 | D        | Killed a centaur warrior
  1021 | D        | Reached skill level 12 in Fighting
  1021 | D        | Reached skill level 10 in Axes
  1021 | D        | Reached XP level 10. HP: 29/71 MP: 13/13
  1230 | D        | Reached skill level 5 in Invocations
  1349 | D        | Gained mutation: Your natural rate of healing is unusually
                  | fast. [potion of mutation]
  1349 | D        | Gained mutation: You are agile. (Dex +2) [potion of
                  | mutation]
  1352 | D        | Noticed an oklob plant
  1360 | D        | Killed an oklob plant
  1368 | D        | Reached **** piety under Uskayaw
  1370 | D        | Reached ***** piety under Uskayaw
  1396 | D        | Reached skill level 13 in Fighting
  1483 | D        | Found Ustid's Antique Weapon Shoppe.
  1483 | D        | Found Itumuqo's General Store.
  1483 | D        | Found Qetunum's Assorted Antiques.
  1485 | D        | Found Xyenen's Magic Scroll Emporium.
  1485 | D        | Found Reyhul's Antique Armour Shop.
  1485 | D        | Found Dyricoff's Weapon Shoppe.
  1485 | D        | Found Ibyammite's Jewellery Boutique.
  1485 | D        | Found Negaut's Book Emporium.
  1485 | D        | Found Wishrof's Armour Shop.
  1485 | D        | Found Biagg's Magic Scroll Shoppe.
  1488 | D        | Found Futriur's Antique Armour Boutique.
  1489 | D        | Found Uchaan's General Store.
  1489 | D        | Found Fipracig's Weapon Boutique.
  1492 | D        | Found Apoefat's Magic Scroll Emporium.
  1511 | D        | Bought a transparent plate armour for 644 gold pieces
  1511 | D        | Identified the +11 plate armour of Undesirable Species
                  | {rC+} (You bought it in a shop in the Dungeon)
  1521 | D        | Bought an embroidered scarf for 184 gold pieces
  1527 | D        | Bought a +2 war axe of electrocution for 289 gold pieces
  1530 | D        | Bought a scroll of enchant weapon for 90 gold pieces
  1542 | D        | Bought a scroll labelled CIMYSHR WUESUEJ for 28 gold pieces
  1542 | D        | Bought a scroll labelled CIMYSHR WUESUEJ for 28 gold pieces
  1542 | D        | Bought a metallic golden potion for 25 gold pieces
  1542 | D        | Bought a scroll labelled YBRA RUWNA for 28 gold pieces
  1543 | D        | Bought a scroll of blinking for 90 gold pieces
  1586 | D        | Noticed a demonic crawler
  1586 | D        | Noticed a demonic crawler
  1586 | D        | Noticed a demonic crawler
  1586 | D        | Noticed a demonic crawler
  1590 | D        | Noticed a gargoyle
  1597 | D        | Killed a demonic crawler
  1598 | D        | Killed a demonic crawler
  1598 | D        | Killed a gargoyle
  1598 | D        | Killed a demonic crawler
  1599 | D        | Reached skill level 14 in Fighting
  1601 | D        | Killed a demonic crawler
  1602 | D        | Reached XP level 11. HP: 31/80 MP: 15/18
  1664 | D        | Noticed a lindwurm
  1670 | D        | Killed a lindwurm
  1685 | D        | Reached skill level 10 in Invocations
  1693 | D        | Reached ****** piety under Uskayaw
  1697 | D        | Reached skill level 15 in Fighting
  1767 | D        | Bought a ring of see invisible for 180 gold pieces
  1829 | D        | Noticed a daeva
  1994 | D        | Bought a scroll of identify for 22 gold pieces
  2048 | D        | Noticed a lorocyproca
  2075 | D        | Killed a lorocyproca
  2076 | D        | Reached skill level 16 in Fighting
  2434 | D        | Bought a +1 morningstar of draining for 198 gold pieces
  2491 | D        | Noticed a 12-headed hydra
  2496 | D        | Paralysed by a floating eye for 2 turns
  2499 | D        | Mangled by a 12-headed hydra

Illustrated notes

Levels and vault maps discovered:
D:        dungeon_sprint_1 [red_sonja_temple_1, red_sonja_temple_small_1]

Skill      XL: |  1  2  3  4  5  6  7  8  9 10 11 |
---------------+----------------------------------+-----
Fighting       | 4 6 7 8 9 11 12 14 16 | 16.2
Axes           | 3 5 6 8 9 10 11 13 | 13.6
Evocations     | 2 4 5 6 7 8 |  8.7
Armour         | 5 6 8 9 10 | 10.8
Shields        | 5 6 8 9 10 | 10.8
Throwing       | 4 |  4.4
Invocations    | 4 9 12 | 12.3

Action                   |  1- 3 |  4- 6 |  7- 9 | 10-12 || total
-------------------------+-------+-------+-------+-------++-------
Melee: War axe           |    12 |    13 |    43 |   132 ||   200
       Morningstar       |       |       |       |     2 ||     2
Throw: Dart              |       |       |     5 |     3 ||     8
       Throwing net      |       |       |       |     1 ||     1
 Abil: Evoke Invisibilit |       |       |       |     2 ||     2
Evoke: Wand              |     2 |       |     7 |       ||     9
  Use: Potion            |     1 |       |     1 |     5 ||     7
       Scroll            |       |       |       |     5 ||     5
 Stab: Paralysed         |       |       |     2 |    28 ||    30
       Invisible         |       |       |       |     2 ||     2
Armor: Scale mail        |     5 |     5 |    38 |    10 ||    58
       Plate armour      |       |       |       |   100 ||   100
Dodge: Dodged            |     3 |     2 |    29 |    66 ||   100
Block: Buckler           |     1 |     2 |    20 |    49 ||    72

Table legend: (Time is in decaauts)
 A = Elapsed time spent in this place.
 B = Non-inter-level travel time spent in this place.
 C = Inter-level travel time spent in this place.
 D = Time resting spent in this place.
 E = Time spent auto-exploring this place.
 F = Levels seen in this place.
 G = Mean time per level.
                   A        B        C        D        E       F      G
               +--------+--------+--------+--------+--------+-----+--------+
         Total |   2514 |   2143 |    371 |   1256 |      0 |   1 | 2514.0 |
       Dungeon |   2514 |   2143 |    371 |   1256 |      0 |   1 | 2514.0 |
               +--------+--------+--------+--------+--------+-----+--------+

Top non-repeatable levels by time:
       D: 2514 daAuts
